 Dungeon Crawl Stone Soup version 0.26-a0-649-gf8c6c3aab7 (webtiles) character file.

Game seed: 17353497809553150628

13749 experimilk the Severer (level 12, 0/107 HPs)
             Began as a Hill Orc Fighter on Sept 26, 2020.
             Was a High Priest of Okawaru.
             Slain by a wolf spider simulacrum (5 damage)
             ... in an ice cave on Sept 27, 2020.
             The game lasted 00:51:20 (12526 turns).

experimilk the Severer (Hill Orc Fighter)          Turns: 12526, Time: 00:51:20

Health: 0/107      AC: 20    Str: 23    XL:     12   Next: 9%
Magic:  14/16      EV: 12    Int:  8    God:    Okawaru [*****.]
Gold:   979        SH:  0    Dex: 19    Spells: 11/11 levels left

rFire    . . .     SeeInvis +   z - +2 battleaxe
rCold    . . .     Faith    .   (shield currently unavailable)
rNeg     . . .     Spirit   .   B - +0 plate armour
rPois    .         Reflect  .   x - +0 hat
rElec    .         Harm     .   s - +0 cloak
rCorr    .         Rampage  .   l - +0 pair of gloves
MR       .....                  E - +0 pair of boots of Tartarus {Dex+2 SInv} (curse)
Stlth    ..........             (no amulet)
HPRegen  0.27/turn              n - +4 ring of slaying
MPRegen  0.15/turn              y - +6 ring of dexterity

@: heroism
A: no striking features
a: Heroism, Finesse, Renounce Religion


You were in an ice cave.
You worshipped Okawaru.
Okawaru was extremely pleased with you.
You visited 3 branches of the dungeon, and saw 14 of its levels.
You also visited: Bailey and Ice Cave.

You collected 1499 gold pieces.
You spent 520 gold pieces at shops.

Inventory:

Hand Weapons
 a - a +1 war axe
 t - a +1 battleaxe
 z - a +2 battleaxe (weapon)
Missiles
 r - 238 stones
 J - 3 javelins (quivered)
Armour
 c - a +1 kite shield
 i - a +0 chain mail
 l - a +0 pair of gloves (worn)
 s - a +0 cloak (worn)
 x - a +0 hat (worn)
 B - a +0 plate armour (worn)
 E - the cursed +0 pair of boots of Tartarus (worn) {Dex+2 SInv}
   (You found it on level 9 of the Dungeon)

   It affects your dexterity (+2).
   It lets you see invisible.
   It has a curse placed upon it.
Jewellery
 d - an uncursed ring of protection from fire
 f - an uncursed ring of resist corrosion
 m - an uncursed ring of wizardry
 n - a +4 ring of slaying (left hand)
 y - a +6 ring of dexterity (right hand)
Wands
 A - a wand of flame (11)
 C - a wand of paralysis (9)
 D - a wand of polymorph (11)
Scrolls
 e - 6 scrolls of identify
 j - 4 scrolls of remove curse
 k - 2 scrolls of amnesia
 p - 2 scrolls of teleportation
 u - 3 scrolls of enchant armour
 v - a scroll of torment
 H - a scroll of fear
Potions
 b - a potion of experience {unknown}
 g - 3 potions of flight
 h - a potion of mutation
 o - 2 potions of curing
 w - a potion of cancellation
 F - a potion of stabbing {unknown}
 G - 4 potions of ambrosia
 I - a potion of resistance {unknown}
Miscellaneous
 q - a lightning rod (2/4)


   Skills:
 + Level 10.5(15.5) Fighting
 * Level 16.5(21.5) Axes
 + Level 7.3(12.3) Armour
 - Level 3.0(8.0) Dodging
 - Level 3.2(8.2) Shields
 - Level 6.0 Invocations
 * Level 6.7 Evocations


You had 11 spell levels left.
You didn't know any spells.
Your spell library contained the following spells:

 Spells                   Type           Power        Failure   Level
 Summon Guardian Golem    Hex/Summ       #.......     100%        3
 Summon Demon             Summ           #.........   100%        5
 Summon Forest            Summ/Tloc      #.........   100%        5
 Summon Mana Viper        Hex/Summ       #.......     100%        5
 Shadow Creatures         Summ           N/A          100%        6
 Malign Gateway           Summ/Tloc      #.........   100%        7
 Summon Hydra             Summ           #.........   100%        7
 Disjunction              Tloc           #.........   100%        8


Dungeon Overview and Level Annotations

Branches:
Dungeon (12/15)            Temple (1/1) D:6            Lair (1/6) D:11
    Orc (0/2) D:11         Bailey (visited)           IceCv (1/1)

Altars:
Ashenzari
Cheibriados
Dithmenos
Elyvilon
Fedhas
Gozag
Hepliaklqana
Kikubaaqudgha
Makhleb
Nemelex Xobeh
Okawaru
Qazlal
Ru
Sif Muna
Trog
Uskayaw
Vehumet
Wu Jian
Xom
Yredelemnul
Zin
The Shining One

Shops:
D:9 }


Message History

The wolf simulacrum bites you. The wolf simulacrum freezes you.
The wolf spider simulacrum hits you but does no damage.
The wolf spider simulacrum bites you. The wolf spider simulacrum freezes you!
Evoke which item? (* to show all) (? for menu, Esc to quit)
Press: ? - help, Shift-Dir - straight line The thunderbolt hits the wolf spider simulacrum!!
The wolf spider simulacrum is heavily damaged.
The thunderbolt hits the death yak simulacrum!!
The death yak simulacrum is severely damaged.
The wolf simulacrum barely misses you. The wolf spider simulacrum hits you!
The wolf spider simulacrum freezes you!!
The wolf spider simulacrum bites you but does no damage.
The wolf simulacrum barely misses you.
Okay, then.
You gain the combat prowess of a mighty hero.
The wolf simulacrum closely misses you. The wolf spider simulacrum hits you!
The wolf spider simulacrum freezes you!!
* * * LOW HITPOINT WARNING * * *
The wolf spider simulacrum bites you.
You die...

#### ##..##
###
##....##..##
#..........#
#.∩.∩.......
#...ZZZ.##..
##..@Z###
##..## ####


You could see 2 wolf simulacra, a death yak simulacrum and a wolf spider
simulacrum.

Vanquished Creatures
  2 two-headed ogres
  Urug (D:11)
  2 unseen horrors
  A cyclops (D:11)
  An elephant (D:11)
  Joseph (D:7)
  Psyche (D:9)
  A cane toad (Lair:1)
  A gargoyle (D:11)
  2 rime drakes (Lair:1)
  A queen bee (D:9)
  Grinder (D:5)
  2 hippogriffs
  A wraith (D:9)
  7 yaks (D:11)
  A wyvern (D:8)
  A basilisk (D:11)
  Menkaure (D:7)
  A water moccasin (Lair:1)
  A porcupine (Lair:1)
  6 ice beasts
  An eye of draining (D:10)
  An orc warrior (D:11)
  2 necrophages
  8 centaurs
  5 ogres
  2 crocodiles
  3 bullfrogs
  9 gnoll sergeants
  A water moccasin zombie (D:5)
  24 killer bees (D:9)
  3 scorpions
  An oklob sapling (D:6)
  7 wights (D:8)
  2 howler monkeys
  A centaur zombie (D:6)
  8 hounds
  2 quasits
  6 gnoll shamans (Bailey)
  3 orc priests
  2 bullfrog skeletons
  4 orc wizards
  Crazy Yiuf (D:7)
  An iguana (D:6)
  Ijyb (D:3)
  6 worker ants
  A hound zombie (D:11)
  A worker ant zombie (D:11)
  20 gnolls
  8 adders
  3 shadow imps
  4 white imps
  An ufetubus (D:6)
  3 oozes
  3 worms
  5 leopard geckos
  24 orcs
  4 bats
  3 giant cockroaches
  9 goblins
  5 hobgoblins
  12 jackals
  6 kobolds
  2 quokkas
  A ball python (D:3)
  3 frilled lizards
  A leopard gecko zombie (D:7)
  5 rats
264 creatures vanquished.

Vanquished Creatures (others)
  A fungus (D:11)
  11 plants
12 creatures vanquished.

Grand Total: 276 creatures vanquished

Notes
Turn   | Place    | Note
-------+----------+-------------------------------------------
     0 | D:1      | experimilk the Hill Orc Fighter began the quest for the
                  | Orb.
     0 | D:1      | Reached XP level 1. HP: 19/19 MP: 1/1
   155 | D:1      | Reached skill level 3 in Axes
   173 | D:1      | Reached XP level 2. HP: 22/27 MP: 2/2
   858 | D:1      | Reached XP level 3. HP: 30/34 MP: 3/3
   965 | D:2      | Reached skill level 4 in Axes
  1281 | D:2      | Reached XP level 4. HP: 35/41 MP: 4/4
  1482 | D:2      | Reached skill level 5 in Fighting
  1554 | D:2      | Found a glowing golden altar of the Shining One.
  2109 | D:3      | Found a glowing silver altar of Zin.
  2303 | D:3      | Noticed Ijyb
  2319 | D:3      | Killed Ijyb
  2319 | D:3      | Reached skill level 5 in Axes
  2319 | D:3      | Reached XP level 5. HP: 38/48 MP: 5/5
  2607 | D:4      | Found a snail-covered altar of Cheibriados.
  2995 | D:4      | Reached skill level 6 in Axes
  2995 | D:4      | Reached XP level 6. HP: 53/57 MP: 6/6
  3539 | D:5      | Entered Level 5 of the Dungeon
  3860 | D:5      | Reached skill level 7 in Axes
  3863 | D:5      | Found an iron altar of Okawaru.
  3912 | D:5      | Noticed a phantom
  4031 | D:5      | Noticed an ice beast
  4046 | D:5      | Killed an ice beast
  4046 | D:5      | Reached XP level 7. HP: 48/64 MP: 7/7
  4177 | D:5      | Noticed Grinder
  4195 | D:5      | Paralysed by Grinder for 6 turns
  4305 | D:5      | Reached skill level 8 in Axes
  4671 | D:5      | Found a sparkling altar of Nemelex Xobeh.
  4671 | D:5      | Found a broken altar of Ashenzari.
  4671 | D:5      | Found a bloodstained altar of Trog.
  4793 | D:6      | Found a staircase to the Ecumenical Temple.
  4825 | D:6      | Reached skill level 9 in Axes
  4833 | D:6      | Reached XP level 8. HP: 61/72 MP: 8/8
  4921 | D:6      | Found a blossoming altar of Fedhas.
  5059 | D:6      | Reached skill level 10 in Axes
  5269 | D:5      | Killed Grinder
  5281 | D:5      | Became a worshipper of Warmaster Okawaru
  5758 | D:7      | Found a runed translucent door.
  5759 | D:7      | Noticed Crazy Yiuf
  5765 | D:7      | Killed Crazy Yiuf
  5765 | D:7      | Reached skill level 11 in Axes
  5791 | D:7      | Noticed Menkaure
  5796 | D:7      | Killed Menkaure
  5807 | D:7      | Noticed a hippogriff
  5826 | D:7      | Reached XP level 9. HP: 81/81 MP: 9/9
  5830 | D:7      | Reached skill level 12 in Axes
  5913 | D:7      | Noticed a two-headed ogre
  5921 | D:7      | Killed a two-headed ogre
  5921 | D:7      | Reached * piety under Okawaru
  5921 | D:7      | Reached skill level 13 in Axes
  6222 | D:7      | Noticed Joseph
  6724 | Temple   | Entered the Ecumenical Temple
  6938 | D:7      | Killed Joseph
  6938 | D:7      | Reached ** piety under Okawaru
  6938 | D:7      | Reached skill level 1 in Invocations
  7005 | D:7      | Reached skill level 1 in Dodging
  7331 | D:8      | Reached skill level 14 in Axes
  7354 | D:8      | Found a shimmering altar of Xom.
  7356 | D:8      | Found a shimmering altar of Xom.
  7487 | D:8      | Found an ancient bone altar of Kikubaaqudgha.
  7537 | D:8      | Reached XP level 10. HP: 91/91 MP: 12/12
  7652 | D:8      | Found a shimmering altar of Xom.
  7652 | D:8      | Found a shimmering altar of Xom.
  7652 | D:8      | Found a shimmering altar of Xom.
  7662 | D:8      | Found a shimmering altar of Xom.
  7662 | D:8      | Found a shimmering altar of Xom.
  7919 | D:9      | Reached *** piety under Okawaru
  8073 | D:9      | Found Houma's Gadget Boutique.
  8203 | D:9      | Got a pair of warped boots
  8206 | D:9      | Identified the cursed +0 pair of boots of Tartarus {Dex+2
                  | SInv} (You found it on level 9 of the Dungeon)
  8315 | D:9      | Noticed Psyche
  8322 | D:9      | Killed Psyche
  8322 | D:9      | Reached skill level 5 in Armour
  8419 | D:9      | Bought a lightning rod (4/4) for 520 gold pieces
  8657 | D:9      | Reached skill level 1 in Evocations
  9005 | D:9      | Reached **** piety under Okawaru
  9005 | D:9      | Reached skill level 15 in Axes
  9008 | D:9      | Reached skill level 5 in Invocations
  9383 | D:10     | Entered Level 10 of the Dungeon
  9629 | D:10     | Noticed an unseen horror
  9635 | D:10     | Killed an unseen horror
  9640 | D:10     | Reached XP level 11. HP: 93/97 MP: 13/15
 10257 | D:11     | Identified the Almanac of Dislocation and Creation
 10269 | D:11     | Found a staircase to the Orcish Mines.
 10275 | D:11     | Noticed a two-headed ogre
 10289 | D:11     | Killed a two-headed ogre
 10345 | D:11     | Found a flagged portal.
 10345 | D:11     | Noticed an unseen horror
 10351 | D:11     | Killed an unseen horror
 10351 | D:11     | Reached ***** piety under Okawaru
 10364 | Bailey   | Entered a bailey
 11031 | Bailey   | Identified the +3 chain mail "Cosel" {+Inv Int+4}
 11278 | Bailey   | Reached skill level 5 in Evocations
 11606 | D:11     | Reached skill level 10 in Fighting
 11626 | D:11     | Reached skill level 16 in Axes
 11954 | D:11     | Noticed a cyclops
 11976 | D:11     | Killed a cyclops
 12043 | D:11     | Noticed Urug
 12063 | D:11     | Killed Urug
 12063 | D:11     | Received a gift from Okawaru
 12135 | D:11     | Found a staircase to the Lair.
 12164 | D:11     | Noticed a six-headed hydra
 12371 | Lair:1   | Entered Level 1 of the Lair of Beasts
 12389 | Lair:1   | Reached XP level 12. HP: 98/107 MP: 16/16
 12509 | Lair:1   | Found a frozen archway.
 12521 | IceCv    | Entered an ice cave
 12526 | IceCv    | HP: 5/107 [wolf spider simulacrum (29)]
 12526 | IceCv    | Slain by a wolf spider simulacrum

Illustrated notes

Levels and vault maps discovered:
D:1:      erik_arrival_blinker_ship, layout_rooms
D:2:      layout_loops_cross, lemuel_doored_altar
D:3:      layout_loops_ring, lemuel_round_altar, uniq_ijyb
D:4:      layout_gridville, cheibriados_altar_1
D:5:      layout_loops_ring, gammafunk_temple_overflow_claw,
          kennysheep_okawaru_gauntlet, uniq_grinder
D:6:      layout_gridville, lemuel_crystal_altar, minmay_temple_entry_oklob
D:7:      layout_rooms, kennysheep_generic_room_8, uniq_joseph,
          uniq_crazy_yiuf_cottage, uniq_menkaure
D:8:      layout_basic, old_standard_altar, nicolae_xom_altar_mimics
D:9:      layout_basic, special_room [special_room_bee], serial_shops,
          nicolae_shop_crystal, uniq_psyche
D:10:     layout_long_grid, lemuel_flame_loot_1
D:11:     layout_roguey, david_lair_generic, orc_0_dummy, enter_bailey_6,
          uniq_urug
D:12:     layout_long_grid, minmay_joined_circles
Temple:   nicolae_temple_figure_eight
Lair:1:   layout_roguey, portal_ice_cave_rime, infiniplex_staircase_pool
IceCv:    ice_cave_small_necro

Skill      XL: |  1  2  3  4  5  6  7  8  9 10 11 |
---------------+----------------------------------+-----
Axes           | 3 4 5 6 7 9 11 14 15 16 | 16.5
Fighting       | 4 5 6 7 8 9 10 | 10.5
Invocations    | 2 5 6 |  6.0
Dodging        | 1 3 |  3.0
Armour         | 4 5 7 |  7.3
Evocations     | 3 6 |  6.7
Shields        | |  3.2

Action                   |  1- 3 |  4- 6 |  7- 9 | 10-12 || total
-------------------------+-------+-------+-------+-------++-------
Melee: War axe           |    92 |   125 |    65 |       ||   282
       Battleaxe         |       |       |    91 |   310 ||   401
Throw: Stone             |       |    24 |       |     8 ||    32
       Javelin           |       |       |       |     2 ||     2
Invok: Heroism           |       |       |     1 |     6 ||     7
       Finesse           |       |       |       |     1 ||     1
Evoke: Wand              |       |     7 |    14 |     3 ||    24
       Lightning rod     |       |       |       |     3 ||     3
  Use: Scroll            |     2 |    11 |     4 |     3 ||    20
       Potion            |       |     2 |     6 |     4 ||    12
Armor: Scale mail        |    55 |     3 |       |       ||    58
       Chain mail        |       |    81 |    97 |   127 ||   305
       Plate armour      |       |       |       |    71 ||    71
Dodge: Dodged            |    26 |    32 |    48 |   155 ||   261
Block: Kite shield       |    58 |    81 |    33 |       ||   172

Table legend: (Time is in decaauts)
 A = Elapsed time spent in this place.
 B = Non-inter-level travel time spent in this place.
 C = Inter-level travel time spent in this place.
 D = Time resting spent in this place.
 E = Time spent auto-exploring this place.
 F = Levels seen in this place.
 G = Mean time per level.
                   A        B        C        D        E       F      G
               +--------+--------+--------+--------+--------+-----+--------+
         Total |  12600 |  12179 |    421 |   4074 |   2214 |  16 |  787.5 |
       Dungeon |  11114 |  10703 |    411 |   3390 |   2043 |  12 |  926.2 |
        Temple |    193 |    183 |     10 |      0 |    171 |   1 |  193.0 |
          Lair |    149 |    149 |      0 |      0 |      0 |   1 |  149.0 |
        Bailey |   1138 |   1138 |      0 |    684 |      0 |   1 | 1138.0 |
      Ice Cave |      4 |      4 |      0 |      0 |      0 |   1 |    4.0 |
               +--------+--------+--------+--------+--------+-----+--------+

Top non-repeatable levels by time:
     D:9: 1557 daAuts
     D:7: 1272 daAuts
     D:4: 1202 daAuts
  Bailey: 1138 daAuts
     D:5: 1105 daAuts
     D:2: 1017 daAuts
     D:1: 916 daAuts
     D:6: 873 daAuts
    D:11: 853 daAuts
    D:10: 836 daAuts
     D:3: 702 daAuts
     D:8: 636 daAuts
  Temple: 193 daAuts
  Lair:1: 149 daAuts
    D:12: 138 daAuts
